 Dungeon Crawl Stone Soup version 0.25-a0-1079-g858b6a6ff6 (webtiles) character file.

Game seed: 2919492089576533338, levelgen mode: deterministic

26 vurker the Sneak (level 3, 18/18 HPs)
             Began as a Vine Stalker Assassin on May 15, 2020.
             Quit the game on level 1 of the Dungeon.
             The game lasted 00:01:11 (949 turns).

vurker the Sneak (Vine Stalker Assassin)             Turns: 949, Time: 00:01:12

Health: 18/18      AC:  4    Str: 14    XL:     3   Next: 8%
Magic:  4/4        EV: 11    Int: 11    God:
Gold:   84         SH:  0    Dex: 15    Spells: 2/2 levels left

rFire    . . .     SeeInvis .   a - +2 dagger
rCold    . . .     Gourm    .   (no shield)
rNeg     . . .     Faith    .   b - +0 robe
rPois    .         Spirit   +   (no helmet)
rElec    .         Reflect  .   c - +0 cloak
rCorr    .         Harm     .   g - +0 pair of gloves
MR       .....                  (no boots)
Stlth    +++.......             i - amulet of inaccuracy (curse)
HPRegen  0.06/turn              (no ring)
MPRegen  0.09/turn              (no ring)

@: no status effects
A: fangs 2, magic shield, antimagic bite, no potion heal 3, rot immunity
a: no special abilities


You were on level 1 of the Dungeon.
You were not hungry.

You visited 1 branch of the dungeon, and saw 1 of its levels.

You collected 84 gold pieces.

Inventory:

Hand Weapons
 a - a +2 dagger (weapon)
Missiles
 d - 15 poisoned darts (quivered)
 f - 2 curare-tipped darts
Armour
 b - a +0 robe (worn)
 c - a +0 cloak (worn)
 g - a +0 pair of gloves (worn)
   (You found it on level 1 of the Dungeon)
Jewellery
 i - a cursed amulet of inaccuracy (around neck)
   (You found it on level 1 of the Dungeon)
Potions
 j - a potion of curing {unknown}
Comestibles
 e - 5 rations
 h - a chunk of flesh


   Skills:
 + Level 2.2 Fighting
 * Level 2.8 Short Blades
 - Level 1.7 Throwing
 - Level 0.7 Dodging
 - Level 4.8 Stealth


You had 2 spell levels left.
You didn't know any spells.
Your spell library was empty.

Dungeon Overview and Level Annotations

Branches:
Dungeon (1/15)

Altars:


Innate Abilities, Weirdness & Mutations

You have extremely sharp teeth.
When hurt, damage is shared between your health and your magic reserves.
Your bite disrupts and absorbs the magic of your enemies.
Potions cannot restore your health.
You are immune to rotting.


Message History

Things that are here:
a +0 dagger; a goblin corpse You butcher the goblin corpse.
h - 3 chunks of flesh (gained 1)
Things that are here:
a +0 dagger; a goblin skeleton
Things that are here:
a +0 dagger; a goblin skeleton You open the door.
There is an open door here.
Found 14 gold pieces.
You now have 84 gold pieces (gained 14).
You open the door.
There is an open door here.
You open the door.
Found a stone staircase leading down.
There is an open door here.
There is an open door here.
There is an open door here.
Some of the chunks of flesh in your inventory have rotted away.
A hobgoblin comes into view. It is wielding a +0 club.
A hobgoblin is nearby!
A hobgoblin is nearby!
A hobgoblin is nearby!
A hobgoblin is nearby!
The helpless hobgoblin fails to defend itself.
You impale the hobgoblin!!
You kill the hobgoblin!
No target in view!
No target in view!
You see here a +0 club.
A goblin comes into view. It is wielding a +0 club.
The goblin shouts!
A goblin is nearby!
A goblin is nearby!
A goblin is nearby!
A goblin is nearby!
The goblin hits you with a +0 club.
You hit the goblin.
You kill the goblin!
No target in view!
No target in view!
Found a ration.
e - 5 rations (gained 1) Some of the chunks of flesh in your inventory have rotted away.
Done exploring.
Done exploring.
Done exploring.
Done exploring.
Search for what [? for help]? ego

.......#)#............##......#..
.......#.#............#.......#..
.........)...........##.......#..
.......#.######.###..##..(....#..
.......#.# #.# #..###......#..
########.######.# #..# #......#..
.......#........# ##.# #......#..
#####.....##########.###......##'
#.....# #.@..#..#.......... #
#.....# ###.##..#.......... #
##'##########.##..!..........
######............##.#.##..######
...................#.#..#..######
..###.........###....##.#.......#
.## ##.......## ##...#...........
.# #.......# #.#.#.#.#....... .##
##.......## ##.#.#.#.#.......


There were no monsters in sight!

Vanquished Creatures
  A dart slug (D:1)
  A leopard gecko (D:1)
  A ball python (D:1)
  A bat (D:1)
  5 goblins (D:1)
  5 hobgoblins (D:1)
  4 kobolds (D:1)
  A frilled lizard (D:1)
  2 rats (D:1)
21 creatures vanquished.

Notes
Turn   | Place    | Note
-------+----------+-------------------------------------------
     0 | D:1      | vurker the Vine Stalker Assassin began the quest for the
                  | Orb.
     0 | D:1      | Reached XP level 1. HP: 11/11 MP: 2/2
   145 | D:1      | Reached XP level 2. HP: 15/15 MP: 3/3
   725 | D:1      | Reached XP level 3. HP: 18/18 MP: 4/4
   949 | D:1      | Quit the game

Illustrated notes

Levels and vault maps discovered:
D:1:      minmay_arrival_four_circles, layout_basic

Skill      XL: |  1 |
---------------+----+-----
Short Blades   | 2 |  2.8
Fighting       | 2 |  2.2
Throwing       | |  1.7
Dodging        | |  0.7
Stealth        | |  4.8

Action                   || total
-------------------------++-------
Melee: Dagger            ||    37
       Bite              ||     3
  Use: Scroll            ||     2
 Stab: Sleeping          ||    11
Armor: Robe              ||     6
Dodge: Dodged            ||     8

Table legend:
 A = Non-vault XP
 B = Vault XP
 C = Vault XP percentage of total XP
 D = Non-vault monster count
 E = Vault monster count
 F = Vault count percentage of total count
                 A         B        C        D         E       F
            +---------+---------+-------+---------+---------+-------
      Total |      38 |       0 |   0.0 |      21 |       0 |   0.0
            +---------+---------+-------+---------+---------+-------
        D:1 |      38 |       0 |   0.0 |      21 |       0 |   0.0
            +---------+---------+-------+---------+---------+-------
